 Dungeon Crawl Stone Soup version 0.30-a0-393-g54b8e3be05 (webtiles) character file.

Game seed: 13156073400500423699

132 HessuHobo the Trooper (level 4, -3/41 HPs)
             Began as a Minotaur Berserker on Dec 5, 2022.
             Was a Believer of Trog.
             Slain by an orc wizard
             ... wielding a +0 whip
              (5 damage)
             ... on level 3 of the Dungeon.
             The game lasted 00:02:47 (2185 turns).

HessuHobo the Trooper (Minotaur Berserker)          Turns: 2185, Time: 00:02:48

Health: -3/41      AC:  2    Str: 23    XL:     4   Next: 92%
Magic:  3/3        EV: 12    Int:  4    God:    Trog [**....]
Gold:   147        SH:  0    Dex: 10    Spells: 3/3 levels left

rFire   . . .      SeeInvis .    a - +0 hand axe
rCold   . . .      Faith    .    (no shield)
rNeg    . . .      Spirit   .    b - +0 animal skin
rPois   .          Reflect  .    (helmet restricted)
rElec   .          Harm     .    (no cloak)
rCorr   .          Rampage  .    (no gloves)
Will    .....                    (no boots)
Stlth   +.........               (no amulet)
HPRegen 0.26/turn                (no ring)
MPRegen 0.08/turn                (no ring)

@: confused, on berserk cooldown, slowed, very slow
A: horns 2, retaliatory headbutt
a: Renounce Religion, Berserk, Trog's Hand


You were on level 3 of the Dungeon.
You worshipped Trog.
Trog was pleased with you.
You visited 1 branch of the dungeon, and saw 3 of its levels.

You collected 147 gold pieces.

Inventory:

Hand Weapons
 a - a +0 hand axe (weapon)
Armour
 b - a +0 animal skin (worn)
Scrolls
 f - a scroll of poison {unknown}
 g - a scroll of teleportation {unknown}
Potions
 c - 2 potions of mutation {unknown}
 d - 2 potions of brilliance {unknown}
 e - a potion of attraction {unknown}
 h - a potion of degeneration {unknown}
 i - 3 potions of curing {unknown}


   Skills:
 + Level 4.7 Fighting
 + Level 4.6 Axes
 + Level 3.7 Armour
 - Level 2.1 Dodging
 + Level 1.8 Stealth


You had 3 spell levels left.
You didn't know any spells.
Your spell library was empty.

Dungeon Overview and Level Annotations

Branches:
Dungeon (3/15)

Altars:
Makhleb
Sif Muna


Innate Abilities, Weirdness & Mutations

You have a pair of horns on your head.
You reflexively headbutt those who attack you in melee.


Message History

You feel a strong urge to attack something.
Something hits you.
The orc wizard hits you with a +0 dagger.
You miss the orc wizard. You completely miss something. Something hits you.
The orc wizard barely misses you.
You closely miss the orc wizard. Your headbutt misses the orc wizard.
You closely miss something. You miss something. Your headbutt misses something.
Your punch misses something. You barely miss the orc wizard.
Something hits you. The orc wizard misses you.
You barely miss the orc wizard. You closely miss something.
You miss the hobgoblin. Something hits you.
* * * LOW HITPOINT WARNING * * *
The hobgoblin hits you with a +0 dagger.
* * * LOW HITPOINT WARNING * * *
The orc wizard hits you with a +0 dagger.
* * * LOW HITPOINT WARNING * * *
You barely miss the orc wizard. You headbutt the orc wizard!
The orc wizard is almost dead.
You barely miss something. You barely miss the hobgoblin.
You are too berserk!
You bump into the rock wall.
You feel less confused.
You are no longer berserk.
You are exhausted.
You feel yourself slow down. Something hits you.
* * * LOW HITPOINT WARNING * * *
The hobgoblin hits you with a +0 dagger.
* * * LOW HITPOINT WARNING * * *
The orc wizard closely misses you.
You hit the orc wizard.
You kill the orc wizard!
Trog accepts your kill.
Trog appreciates your killing of a magic user.
You miss something. You hit the hobgoblin.
You kill the hobgoblin!
Trog accepts your kill.
You hear some strange, mumbled words.
You are confused.
Something hits you.
You die... #....§§§≈§. #.......o.. #........ #.....PPPPPPP

####.....PPPPPPP
#...............
#.##............
#..)){.......
####@########
#)# . ##†# #.
##.[# #.# #†.##
#..# #.## #..
##.# #.##<.#
#..#.##


There were no monsters in sight!

Vanquished Creatures
  An orc wizard (D:3)
  3 adders
  4 gnolls (D:2)
  2 worms (D:2)
  A dart slug (D:3)
  2 orcs (D:3)
  3 endoplasms
  A giant cockroach (D:1)
  4 goblins
  7 hobgoblins
  9 jackals
  3 kobolds
  7 ball pythons
  4 bats
  3 frilled lizards
  6 rats
60 creatures vanquished.

Notes
Turn   | Place    | Note
-------+----------+-------------------------------------------
     0 | D:1      | HessuHobo the Minotaur Berserker began the quest for the
                  | Orb.
     0 | D:1      | Reached XP level 1. HP: 19/19 MP: 0/0
   236 | D:1      | Reached XP level 2. HP: 23/27 MP: 1/1
  1137 | D:2      | Reached skill level 1 in Stealth
  1137 | D:2      | Reached XP level 3. HP: 31/33 MP: 2/2
  1287 | D:2      | Identified the +6 mace of Kixuawi {distort, *Rage rC+++
                  | MP+9 Int+4}
  1321 | D:2      | Reached XP level 4. HP: 4/41 MP: 3/3
  1720 | D:2      | Reached ** piety under Trog
  1993 | D:3      | Found a burning altar of Makhleb.
  2157 | D:3      | Found a shimmering blue altar of Sif Muna.
  2184 | D:3      | HP: 2/41 [hobgoblin/+0 dagger (3)]
  2185 | D:3      | Slain by an orc wizard

Illustrated notes

Levels and vault maps discovered:
D:1:      sevenhm_arrival_forest_fort_large_3, layout_basic
D:2:      layout_loops_cross
D:3:      minmay_inner_zag, layout_rooms, mainiacjoe_overflow_chevrons,
          mainiacjoe_overflow_surrounded_room, nicolae_overflow_hidden_temple

Skill      XL: |  1  2 |
---------------+-------+-----
Fighting       | 4 |  4.7
Armour         | 3 |  3.7
Axes           | 4 |  4.6
Stealth        | 1 |  1.8
Dodging        | |  2.1

Action                   |  1- 3 |  4- 6 || total
-------------------------+-------+-------++-------
Melee: Hand axe          |    72 |    57 ||   129
       Headbutt          |     9 |     7 ||    16
       Punch             |       |     1 ||     1
Invok: Berserk           |     1 |     1 ||     2
 Stab: Sleeping          |       |     5 ||     5
Armor: Animal skin       |     9 |     6 ||    15
Dodge: Dodged            |    48 |    31 ||    79

Table legend: (Time is in decaauts)
 A = Elapsed time spent in this place.
 B = Non-inter-level travel time spent in this place.
 C = Inter-level travel time spent in this place.
 D = Time resting spent in this place.
 E = Time spent auto-exploring this place.
 F = Levels seen in this place.
 G = Mean time per level.
                   A        B        C        D        E       F      G
               +--------+--------+--------+--------+--------+-----+--------+
         Total |   2201 |   2135 |     66 |    401 |   1422 |   3 |  733.7 |
       Dungeon |   2201 |   2135 |     66 |    401 |   1422 |   3 |  733.7 |
               +--------+--------+--------+--------+--------+-----+--------+

Top non-repeatable levels by time:
     D:1: 1002 daAuts
     D:2: 986 daAuts
     D:3: 212 daAuts
